TOP OF THE 1ST |
Red Deer Wranglers batting - Pitching for Balzac Rams : RHP Li-cong Sima
|
Pitching: RHP Li-cong Sima
|
|
Batting: LHB Russell Peck
|
0-0: Swinging Strike 0-1: Ball 1-1: Ball 2-1: SINGLE (Groundball, 6S) (infield hit)
|
Batting: RHB Ricardo González
|
0-0: Swinging Strike 0-1: Foul Ball, location: 2F 0-2: Hit by Pitch Russell Peck to second
|
Batting: RHB Steve Burton
|
0-0: Ball 1-0: Ball 2-0: DOUBLE (Line Drive, 8LD) Russell Peck scores Ricardo González to third Runner from 3rd tries for Home, SAFE, throw made home
|
Batting: RHB Joe Lewis
|
0-0: Ball 1-0: Foul Ball, location: 2F 1-1: Fly out, F3 (Flyball, 3DF)
|
Batting: LHB Fred Abrams
|
0-0: Ball 1-0: Ball 2-0: Ball 3-0: Base on Balls
|
Batting: LHB Jorge Olvera
|
0-0: Called Strike 0-1: Swinging Strike 0-2: Ball 1-2: Strikes out looking
|
Batting: RHB Luis Ibarra
|
0-0: Ball 1-0: Called Strike 1-1: Swinging Strike 1-2: Foul Ball, location: 2F 1-2: Ball 2-2: Foul Ball, location: 2F 2-2: Foul Ball, location: 2F 2-2: Strikes out swinging
|
Top of the 1st over - 2 run(s), 2 hit(s), 0 error(s), 2 left on base; Red Deer 2 - Balzac 0 |
BOTTOM OF THE 1ST |
Balzac Rams batting - Pitching for Red Deer Wranglers : RHP Ron Chapman
|
Pitching: RHP Ron Chapman
|
|
Batting: RHB Luis Suárez
|
0-0: Ground out 6-3 (Groundball, 6)
|
Batting: RHB Brian Parks
|
0-0: Ball 1-0: Ground out 6-3 (Groundball, 6)
|
Batting: LHB Howard Evans
|
0-0: Ball 1-0: Called Strike 1-1: Ball 2-1: DOUBLE (Flyball, 8RXD)
|
Batting: RHB Pedro Molina
|
0-0: TRIPLE (Flyball, 8LXD) Howard Evans scores
|
Batting: LHB Fernando Cruz
|
0-0: Called Strike 0-1: Foul Ball, location: 2F 0-2: Ball 1-2: Strikes out swinging
|
Bottom of the 1st over - 1 run(s), 2 hit(s), 0 error(s), 1 left on base; Red Deer 2 - Balzac 1 |
TOP OF THE 2ND |
Red Deer Wranglers batting - Pitching for Balzac Rams : RHP Li-cong Sima
|
Batting: LHB Andrew Veeck
|
0-0: Fly out, F8 (Flyball, 8LM)
|
Batting: RHB Art Cameron
|
0-0: Called Strike 0-1: Ball 1-1: Fly out, F8 (Flyball, 8LS)
|
Batting: LHB Russell Peck
|
0-0: Ground out U3 (Groundball, 34)
|
Top of the 2nd over - 0 run(s), 0 hit(s), 0 error(s), 0 left on base; Red Deer 2 - Balzac 1 |
BOTTOM OF THE 2ND |
Balzac Rams batting - Pitching for Red Deer Wranglers : RHP Ron Chapman
|
Batting: LHB Daniel Carter
|
0-0: Ball 1-0: Ball 2-0: Ground out 4-3 (Groundball, 4)
|
Batting: RHB Octávio Aldeguer
|
0-0: Called Strike 0-1: Ball 1-1: Swinging Strike 1-2: Fly out, F8 (Flyball, 8RM)
|
Batting: RHB Félix Quintero
|
0-0: Ball 1-0: Ball 2-0: Ball 3-0: Base on Balls
|
Batting: RHB Ricardo Muñóz
|
0-0: Ball 1-0: Called Strike 1-1: Called Strike 1-2: Ball 2-2: Ball 3-2: Foul Ball, location: 2F 3-2: Base on Balls Félix Quintero to second
|
Batting: RHB Luis Suárez
|
0-0: Foul Ball, location: 2F 0-1: Ball 1-1: Ball 2-1: Ball 3-1: Called Strike 3-2: Strikes out swinging
|
Bottom of the 2nd over - 0 run(s), 0 hit(s), 0 error(s), 2 left on base; Red Deer 2 - Balzac 1 |
TOP OF THE 3RD |
Red Deer Wranglers batting - Pitching for Balzac Rams : RHP Li-cong Sima
|
Batting: RHB Ricardo González
|
0-0: Foul Ball, location: 2F 0-1: SINGLE (Flyball, 9S)
|
Batting: RHB Steve Burton
|
0-0: Called Strike 0-1: Ball 1-1: Foul Ball, location: 2F 1-2: Foul Ball, location: 2F 1-2: Ball 2-2: Fly out, F8 (Flyball, 8LD)
|
Batting: RHB Joe Lewis
|
0-0: Swinging Strike 0-1: Foul Ball, location: 2F 0-2: Ball 1-2: Ball 2-2: Strikes out swinging
|
Batting: LHB Fred Abrams
|
0-0: Called Strike 0-1: SINGLE (Flyball, 8RM) Ricardo González to second
|
Batting: LHB Jorge Olvera
|
0-0: Ball 1-0: Fly out, F7 (Flyball, 78M)
|
Top of the 3rd over - 0 run(s), 2 hit(s), 0 error(s), 2 left on base; Red Deer 2 - Balzac 1 |
BOTTOM OF THE 3RD |
Balzac Rams batting - Pitching for Red Deer Wranglers : RHP Ron Chapman
|
Batting: RHB Brian Parks
|
0-0: Called Strike 0-1: Called Strike 0-2: Foul Ball, location: 2F 0-2: Ball 1-2: Foul Ball, location: 2F 1-2: SINGLE (Groundball, 6MD)
|
Batting: LHB Howard Evans
|
0-0: Called Strike 0-1: Foul Ball, location: 2F 0-2: Foul Ball, location: 2F 0-2: Ball 1-2: Grounds into double play, 5-4-3 (Groundball, 56)
|
Batting: RHB Pedro Molina
|
0-0: Ball 1-0: Ball 2-0: Called Strike 2-1: Ground out 6-3 (Groundball, 6D)
|
Bottom of the 3rd over - 0 run(s), 1 hit(s), 0 error(s), 0 left on base; Red Deer 2 - Balzac 1 |
TOP OF THE 4TH |
Red Deer Wranglers batting - Pitching for Balzac Rams : RHP Li-cong Sima
|
Batting: RHB Luis Ibarra
|
0-0: Ball 1-0: Ball 2-0: Called Strike 2-1: Ball 3-1: Base on Balls
|
Batting: LHB Andrew Veeck
|
0-0: Ball 1-0: Ground out 4-3 (Groundball, 34D) Luis Ibarra to second
|
Batting: RHB Art Cameron
|
0-0: Called Strike 0-1: Ball 1-1: Ball 2-1: Foul Ball, location: 2F 2-2: Ground out 2-3 (Groundball, 2R) Luis Ibarra to third
|
Batting: LHB Russell Peck
|
0-0: SINGLE (Groundball, 56S) (infield hit) Luis Ibarra scores
|
Batting: RHB Ricardo González
|
0-0: Ball 1-0: Ball Russell Peck steals 2nd base 2-0: Ball 3-0: Called Strike 3-1: SINGLE (Groundball, 3D) Russell Peck to third Runner from 3rd tries for Home, SAFE, throw made home
|
Batting: RHB Steve Burton
|
0-0: Called Strike 0-1: Called Strike 0-2: Foul Ball, location: 2F 0-2: Ball 1-2: Ball 2-2: Ball 3-2: SINGLE (Groundball, 6) (infield hit) Ricardo González to second
|
Batting: RHB Joe Lewis
|
0-0: Called Strike 0-1: Ball 1-1: Ball 2-1: Called Strike 2-2: Foul Ball, location: 2F 2-2: Strikes out swinging
|
Top of the 4th over - 2 run(s), 3 hit(s), 0 error(s), 2 left on base; Red Deer 4 - Balzac 1 |
BOTTOM OF THE 4TH |
Balzac Rams batting - Pitching for Red Deer Wranglers : RHP Ron Chapman
|
Batting: LHB Fernando Cruz
|
0-0: Ball 1-0: Ball 2-0: DOUBLE (Line Drive, 9LM)
|
Batting: LHB Daniel Carter
|
0-0: Ball 1-0: Foul Ball, location: 2F 1-1: Ball 2-1: Ball 3-1: Base on Balls
|
Pitching: RHP Raúl Zumaya
|
|
Batting: RHB Octávio Aldeguer
|
0-0: SINGLE (Flyball, 9LM) Fernando Cruz to third Daniel Carter to second
|
Batting: RHB Félix Quintero
|
0-0: Ball 1-0: Foul Ball, location: 2F 1-1: Swinging Strike 1-2: Foul Ball, location: 2F 1-2: Strikes out looking
|
Batting: RHB Ricardo Muñóz
|
0-0: Ball 1-0: Ball 2-0: Called Strike 2-1: Fly out, F9 (Flyball, 89S)
|
Batting: RHB Luis Suárez
|
0-0: Called Strike 0-1: Foul Ball, location: 2F 0-2: Ball 1-2: Ball 2-2: Ball 3-2: Foul Ball, location: 2F 3-2: Fly out, F8 (Line Drive, 8LM)
|
Bottom of the 4th over - 0 run(s), 2 hit(s), 0 error(s), 3 left on base; Red Deer 4 - Balzac 1 |
TOP OF THE 5TH |
Red Deer Wranglers batting - Pitching for Balzac Rams : RHP Li-cong Sima
|
Batting: LHB Fred Abrams
|
0-0: Ball 1-0: Fly out, F8 (Flyball, 8RXD)
|
Batting: LHB Jorge Olvera
|
0-0: Called Strike 0-1: Called Strike 0-2: Foul Ball, location: 2F 0-2: Strikes out swinging
|
Batting: RHB Luis Ibarra
|
0-0: Ball 1-0: Foul Ball, location: 2F 1-1: Swinging Strike 1-2: Strikes out swinging
|
Top of the 5th over - 0 run(s), 0 hit(s), 0 error(s), 0 left on base; Red Deer 4 - Balzac 1 |
BOTTOM OF THE 5TH |
Balzac Rams batting - Pitching for Red Deer Wranglers : RHP Raúl Zumaya
|
Batting: RHB Brian Parks
|
0-0: Ball 1-0: Ball 2-0: Foul Ball, location: 2F 2-1: Foul Ball, location: 2F 2-2: Strikes out swinging
|
Batting: LHB Howard Evans
|
0-0: Ball 1-0: Foul Ball, location: 2F 1-1: Ball 2-1: Foul Ball, location: 2F 2-2: Ball 3-2: Ground out 1-3 (Groundball, 13S)
|
Batting: RHB Pedro Molina
|
0-0: Called Strike 0-1: SINGLE (Groundball, 56) (infield hit)
|
Batting: LHB Fernando Cruz
|
0-0: Foul Ball, location: 2F 0-1: Ball 1-1: Ball 2-1: Swinging Strike 2-2: Ball 3-2: Foul Ball, location: 2F 3-2: Base on Balls Pedro Molina to second
|
Batting: LHB Daniel Carter
|
0-0: Ball 1-0: Ball 2-0: Called Strike 2-1: Called Strike 2-2: Ground out 4-3 (Groundball, 4M)
|
Bottom of the 5th over - 0 run(s), 1 hit(s), 0 error(s), 2 left on base; Red Deer 4 - Balzac 1 |
TOP OF THE 6TH |
Red Deer Wranglers batting - Pitching for Balzac Rams : RHP Li-cong Sima
|
Pitching: LHP Nick Johnson
|
|
Batting: LHB Andrew Veeck
|
0-0: Ball 1-0: Ball 2-0: Swinging Strike 2-1: Ball 3-1: Ground out U3 (Groundball, 3)
|
Batting: RHB Art Cameron
|
0-0: Called Strike 0-1: Foul Ball, location: 2F 0-2: Ball 1-2: Fly out, F9 (Flyball, 9S)
|
Batting: LHB Russell Peck
|
0-0: Ball 1-0: Ball 2-0: Foul Ball, location: 2F 2-1: Ground out 1-3 (Groundball, P)
|
Top of the 6th over - 0 run(s), 0 hit(s), 0 error(s), 0 left on base; Red Deer 4 - Balzac 1 |
BOTTOM OF THE 6TH |
Balzac Rams batting - Pitching for Red Deer Wranglers : RHP Raúl Zumaya
|
Batting: RHB Octávio Aldeguer
|
0-0: Fly out, F8 (Flyball, 89D)
|
Batting: RHB Félix Quintero
|
0-0: Called Strike 0-1: Ball 1-1: Swinging Strike 1-2: Ball 2-2: Ball 3-2: Foul Ball, location: 2F 3-2: Foul Ball, location: 2F 3-2: Base on Balls
|
Batting: RHB Ricardo Muñóz
|
0-0: Ball 1-0: Called Strike 1-1: Ball 2-1: Swinging Strike 2-2: Fielders Choice at 2nd, 3-6 (Groundball, 34)
|
Batting: RHB Luis Suárez
|
0-0: Ball 1-0: Called Strike 1-1: Foul Ball, location: 2F 1-2: Foul Ball, location: 2F 1-2: Strikes out swinging
|
Bottom of the 6th over - 0 run(s), 0 hit(s), 0 error(s), 1 left on base; Red Deer 4 - Balzac 1 |
TOP OF THE 7TH |
Red Deer Wranglers batting - Pitching for Balzac Rams : LHP Nick Johnson
|
Batting: RHB Ricardo González
|
0-0: Swinging Strike 0-1: Swinging Strike 0-2: Strikes out swinging
|
Batting: RHB Steve Burton
|
0-0: Ball 1-0: Foul Ball, location: 2F 1-1: Ball 2-1: Ball 3-1: Foul Ball, location: 2F 3-2: Base on Balls
|
Batting: RHB Joe Lewis
|
0-0: Ball 1-0: Ball 2-0: Called Strike 2-1: Ball 3-1: Swinging Strike 3-2: Foul Ball, location: 2F 3-2: Ground out 5-3 (Groundball, 56S) Steve Burton to second
|
Batting: LHB Fred Abrams
|
0-0: Called Strike 0-1: Called Strike 0-2: Strikes out swinging
|
Top of the 7th over - 0 run(s), 0 hit(s), 0 error(s), 1 left on base; Red Deer 4 - Balzac 1 |
BOTTOM OF THE 7TH |
Balzac Rams batting - Pitching for Red Deer Wranglers : RHP Raúl Zumaya
|
Batting: RHB Brian Parks
|
0-0: Ball 1-0: Ground out 6-3 (Groundball, 56)
|
Batting: LHB Howard Evans
|
0-0: Foul Ball, location: 2F 0-1: Ball 1-1: Ball 2-1: Fly out, F7 (Flyball, 7LS)
|
Batting: RHB Pedro Molina
|
0-0: Foul Ball, location: 2F 0-1: Called Strike 0-2: Fly out, F8 (Flyball, 8LS)
|
Bottom of the 7th over - 0 run(s), 0 hit(s), 0 error(s), 0 left on base; Red Deer 4 - Balzac 1 |
TOP OF THE 8TH |
Red Deer Wranglers batting - Pitching for Balzac Rams : LHP Nick Johnson
|
Pitching: RHP David Elías
|
|
Batting: LHB Jorge Olvera
|
0-0: Foul Ball, location: 2F 0-1: Ball 1-1: Swinging Strike 1-2: Ball 2-2: Strikes out swinging
|
Batting: RHB Luis Ibarra
|
0-0: Ball 1-0: Fly out, F4 (Line Drive, 4)
|
Batting: LHB Andrew Veeck
|
0-0: Called Strike 0-1: Ball 1-1: Ball 2-1: Ball 3-1: Base on Balls
|
Batting: RHB Art Cameron
|
0-0: Ball Andrew Veeck is caught stealing 2nd base
|
Top of the 8th over - 0 run(s), 0 hit(s), 0 error(s), 0 left on base; Red Deer 4 - Balzac 1 |
BOTTOM OF THE 8TH |
Balzac Rams batting - Pitching for Red Deer Wranglers : RHP Raúl Zumaya
|
Pitching: RHP Alonso Costello
|
|
Batting: LHB Fernando Cruz
|
0-0: Called Strike 0-1: Ball 1-1: SINGLE (Groundball, 6) (infield hit)
|
Pitching: LHP Manuel Gil
|
|
Batting: LHB Daniel Carter
|
0-0: Foul Ball, location: 2F 0-1: Foul Ball, location: 2F 0-2: SINGLE (Groundball, 34) (infield hit) Fernando Cruz to second
|
Batting: RHB Octávio Aldeguer
|
0-0: Ball 1-0: Fly out, F8 (Flyball, 8LM)
|
Batting: RHB Félix Quintero
|
0-0: Ball 1-0: Ball 2-0: Ball 3-0: Called Strike 3-1: Base on Balls Fernando Cruz to third Daniel Carter to second
|
Pinch Hitting: RHB Jeff Stevenson
|
0-0: Foul Ball, location: 2F 0-1: Foul Ball, location: 2F 0-2: Foul Ball, location: 2F 0-2: Fly out, F9 (Flyball, 9LS)
|
Pinch Hitting: RHB Tommy Wilson
|
0-0: Called Strike 0-1: Hit by Pitch Fernando Cruz scores Daniel Carter to third Félix Quintero to second
|
Batting: RHB Brian Parks
|
0-0: Foul Ball, location: 2F 0-1: Swinging Strike 0-2: Foul Ball, location: 2F 0-2: Strikes out swinging
|
Bottom of the 8th over - 1 run(s), 2 hit(s), 0 error(s), 3 left on base; Red Deer 4 - Balzac 2 |
TOP OF THE 9TH |
Red Deer Wranglers batting - Pitching for Balzac Rams : RHP David Elías
|
Now at 2B: Enrique Castillo
|
|
Now in LF: Jeff Stevenson
|
|
Batting: RHB Art Cameron
|
0-0: Called Strike 0-1: Ball 1-1: Ball 2-1: Ground out 6-3 (Groundball, 6)
|
Batting: LHB Russell Peck
|
0-0: Called Strike 0-1: Ball 1-1: SINGLE (Line Drive, 34)
|
Batting: RHB Ricardo González
|
0-0: Ball Russell Peck steals 2nd base 1-0: Called Strike 1-1: Ball 2-1: SINGLE (Groundball, 56D) Russell Peck to third Runner from 3rd tries for Home, SAFE, throw made home
|
Batting: RHB Steve Burton
|
0-0: Ball 1-0: Grounds into double play, 6-4-3 (Groundball, 6)
|
Top of the 9th over - 1 run(s), 2 hit(s), 0 error(s), 0 left on base; Red Deer 5 - Balzac 2 |
BOTTOM OF THE 9TH |
Balzac Rams batting - Pitching for Red Deer Wranglers : LHP Manuel Gil
|
Pitching: RHP Russell Cooper
|
|
Batting: LHB Howard Evans
|
0-0: Ball 1-0: Foul Ball, location: 2F 1-1: Foul Ball, location: 2F 1-2: Ball 2-2: Ball 3-2: Foul Ball, location: 2F 3-2: Fly out, F8 (Flyball, 8LD)
|
Batting: RHB Pedro Molina
|
0-0: Called Strike 0-1: Ball 1-1: Swinging Strike 1-2: Foul Ball, location: 2F 1-2: Foul Ball, location: 2F 1-2: Foul Ball, location: 2F 1-2: Ground out U3 (Groundball, 34)
|
Batting: LHB Fernando Cruz
|
0-0: Foul Ball, location: 2F 0-1: Ball 1-1: Ball 2-1: DOUBLE (Line Drive, 9LM)
|
Batting: LHB Daniel Carter
|
0-0: Ball 1-0: Swinging Strike 1-1: Foul Ball, location: 2F 1-2: Strikes out swinging
|
Bottom of the 9th over - 0 run(s), 1 hit(s), 0 error(s), 1 left on base; Red Deer 5 - Balzac 2 |
|